 Dungeon Crawl Stone Soup version 0.22-a0-389-g8519d86 (webtiles) character file.

746975 Leszczynek the Wrestler (level 27, -3/366 HPs)
             Began as a Troll Skald on Apr 27, 2018.
             Was the Champion of Makhleb.
             Slain by an Ice Fiend (7 damage)
             ... on level 7 of the Iron City of Dis on Apr 30, 2018.
             The game lasted 05:54:46 (32735 turns).

Leszczynek the Wrestler (Troll Skald)              Turns: 32735, Time: 05:54:47

Health: -3/366     AC: 32    Str: 33    XL:     27
Magic:  26/35      EV: 17    Int: 25    God:    Makhleb [******]
Gold:   3140       SH: 23    Dex: 14    Spells: 10/40 levels left

rFire    . . .     SeeInvis .     - Unarmed
rCold    . . .     Gourm    +   P - +1 large shield
rNeg     + . .     Faith    .   (armour currently unavailable)
rPois    ∞         Spirit   .   S - +2 hat
rElec    +         Reflect  .   O - +2 cloak
rCorr    +         Harm     .   (gloves unavailable)
MR       +++..                  (boots unavailable)
Stlth    +.........             N - amulet of Ridaoly {Acrobat Fragile Str+5 Int+5}
HPRegen  1.11/turn              n - ring of Surprise {rPois MR+ Str+5 Dex+7}
MPRegen  0.24/turn              a - ring of Bofahiq {rCorr Int+4}

@: statue-form, very slow
A: large, unfitting armour, claws 3, talons 1, blurry vision 2, clumsy 2,
deformed body, fast metabolism 3, gourmand, high mp 1, regeneration 1, screaming
3, weak 2
}: 7/15 runes: barnacled, slimy, silver, obsidian, icy, bone, gossamer
a: End Transformation, Minor Destruction, Lesser Servant of Makhleb, Major
Destruction, Greater Servant of Makhleb, Renounce Religion


You were on level 7 of the Iron City of Dis.
You worshipped Makhleb.
Makhleb was exalted by your worship.
You were very full.
You were a stone statue.
You visited 15 branches of the dungeon, and saw 79 of its levels.
You visited the Abyss 1 time.
You visited 2 bazaars.

You collected 6964 gold pieces.
You spent 3824 gold pieces at shops.

Inventory:

Hand Weapons
 X - the +6 quick blade "Otwiurel" {distort, rPois MR++}
   (You took it off a deep elf sorcerer on level 3 of the Elven Halls)

   It warps and distorts space around it.
   Unwielding it can cause banishment or high damage.
   It protects you from poison.
   It affects your resistance to hostile enchantments.
Missiles
 o - 9 throwing nets
 x - 91 large rocks (quivered)
Armour
 O - a +2 cloak (worn)
 P - a +1 large shield (worn)
 Q - a +3 troll leather armour (melded)
 S - a +2 hat (worn)
Magical Staves
 q - an uncursed staff of wizardry
Jewellery
 a - the ring of Bofahiq (right claw) {rCorr Int+4}
   (You took it off a deep elf demonologist on level 3 of the Elven Halls)

   [ring of resist corrosion]

   It affects your intelligence (+4).
 j - the ring "Fudaef" {rF+ rN+}
   (You found it on level 3 of the Vaults)

   [ring of positive energy]

   It protects you from fire.
   It protects you from negative energy.
 l - the ring "Faoluhuz" {rC+ Dex+3 Slay+2}
   (You found it on level 5 of the Pits of Slime)

   [ring of protection from cold]

   It affects your dexterity (+3).
   It affects your accuracy and damage with ranged weapons and melee attacks
   (+2).
   It protects you from cold.
 n - the ring of Surprise (left claw) {rPois MR+ Str+5 Dex+7}
   (You found it on level 5 of the Pits of Slime)

   [ring of strength]

   It affects your strength (+5).
   It affects your dexterity (+7).
   It protects you from poison.
   It affects your resistance to hostile enchantments.
 z - an uncursed ring of protection from magic
 G - the macabre finger necklace {rN+}
   (You took it off a balrug on level 7 of Gehenna)

   [amulet of nothing]

   It protects you from negative energy.
 M - the ring "Pup Gawe" {rC+ EV+2}
   (You found it on level 5 of the Pits of Slime)

   [ring of evasion]

   It affects your evasion (+2).
   It protects you from cold.
 N - the amulet of Ridaoly (around neck) {Acrobat Fragile Str+5 Int+5}
   (You found it on level 6 of the Lair of Beasts)

   [amulet of the acrobat]

   It helps you evade while moving and waiting.
   It affects your strength (+5).
   It affects your intelligence (+5).
   It will be destroyed if unequipped.
 V - an uncursed ring of protection from fire
 Y - the ring of Robustness {AC+8}
   (You took it off a tengu reaver on level 5 of the Vaults)

   [ring of protection]

   It affects your AC (+8).
 Z - the ring "Etoant" {Dex+3 SInv Stlth+}
   (You took it off a deep elf death mage on level 3 of the Elven Halls)

   [ring of stealth]

   It affects your dexterity (+3).
   It lets you see invisible.
   It makes you more stealthy.
Wands
 h - a wand of clouds (6)
 k - a wand of acid (5)
 t - a wand of paralysis (43)
 w - a wand of scattershot (12)
 H - a wand of digging (13)
 R - a wand of iceblast (9)
Scrolls
 b - 3 scrolls of fog
 g - 10 scrolls of remove curse {@r2}
 p - a scroll of fear
 s - 5 scrolls of identify {@r1}
 v - 3 scrolls of silence {!r}
 A - 4 scrolls of teleportation
 B - a scroll of magic mapping
 I - 3 scrolls of summoning
 K - 4 scrolls of vulnerability {!r}
 L - 2 scrolls of blinking
Potions
 e - 5 potions of cancellation
 f - 8 potions of curing {@q1}
 m - 3 potions of ambrosia
 r - 3 potions of invisibility
 u - 4 potions of agility
 y - 3 potions of might
 D - 2 potions of resistance
 J - a potion of flight
 T - a potion of magic
 W - 3 potions of heal wounds {@q2}
Miscellaneous
 c - 5 sacks of spiders
 i - 3 phantom mirrors
 C - a lamp of fire
 F - 3 boxes of beasts
 U - a lightning rod (4/4)
Comestibles
 d - 30 rations
 E - 10 chunks of flesh


   Skills:
 - Level 18.0 Fighting
   Level 2.0 Maces & Flails
 - Level 4.0 Throwing
 - Level 12.0 Dodging
 - Level 15.0 Shields
 - Level 22.1 Unarmed Combat
 - Level 7.0 Spellcasting
 - Level 2.0 Charms
 - Level 3.0 Summonings
 * Level 13.3 Necromancy
 - Level 8.0 Translocations
 - Level 12.0 Transmutations
 - Level 15.0 Earth Magic
 - Level 11.0 Invocations
 + Level 11.2 Evocations


You had 10 spell levels left.
You knew the following spells:

 Your Spells              Type           Power        Failure   Level  Hunger
a - Summon Butterflies    Summ           ###.....     1%          1    None
b - Confusing Touch       Hex            #.....       7%          1    None
c - Leda's Liquefaction   Hex/Erth       #####.....   3%          4    ###....
d - Statue Form           Tmut/Erth      ######...    4%          6    ######.
e - Passage of Golubria   Tloc           N/A          2%          4    ###....
f - Lesser Beckoning      Tloc           #####.....   1%          3    None
g - Lee's Rapid Deconstr  Erth           ######....   1%          5    #####..
q - Regeneration          Chrm/Necr      #####.....   1%          3    None
A - Apportation           Tloc           #####.       1%          1    None
B - Blink                 Tloc           N/A          1%          2    None


Dungeon Overview and Level Annotations

Branches:
Dungeon (15/15)            Temple (1/1) D:4            Lair (6/6) D:10
 Shoals (4/4) Lair:4       Spider (4/4) Lair:3        Slime (5/5) Lair:5
    Orc (2/2) D:10            Elf (3/3) Orc:2        Vaults (5/5) D:13
  Crypt (0/3) Vaults:2     Depths (5/5) D:15           Hell (1/1)
    Dis (7/7) Hell            Geh (7/7) Hell            Coc (7/7) Hell
    Tar (7/7) Hell
    Zot: Depths:5

Altars:
Elyvilon
Makhleb
Qazlal
Sif Muna
Trog
Uskayaw
Xom
Jiyva

Shops:
D:14 [   Orc:1 =   Orc:2 }?(%   Elf:1 }   Depths:1 (*

Portals:
Hell: Depths:4 Depths:5
Pandemonium: Orc:2 Depths:4 Depths:5

Annotations:
D:13 vaults
Lair:2 exclusion: oklob plant
Lair:3 vault with fire crab, closed, SPIDER (E)
Lair:4 shoals
Spider:3 exclusion: upstairs
Slime:5 Royal Jelly


Innate Abilities, Weirdness & Mutations

You are too large for most types of armour.
You have claws for hands.
Your metabolism is lightning-fast.
You like to eat raw meat.
Your natural rate of healing is unusually fast.
((You are covered in fur. (AC +1)))
((You have very tough skin. (AC +2)))
You have sharp toenails.
Scrolls take you longer to read.
You are very clumsy. (Dex -4)
Armour fits poorly on your strangely shaped body.
You have an increased reservoir of magic. (+10% MP)
You frequently scream uncontrollably at your foes.
You are very weak. (Str -4)


Message History

* * * LOW HITPOINT WARNING * * *
Unknown command.
Unknown command.
Really read with blurry vision while enemies are nearby?
Okay, then.
Unknown command.
Really read with blurry vision while enemies are nearby?
You block the reaper's attack. You block the iron troll's attack.
The iron troll misses you. x2
You begin reading the scroll.
You continue reading the scroll.
The reaper hits you from afar with a scythe of protection.
* * * LOW HITPOINT WARNING * * *
The Ice Fiend gestures at you. The bolt of cold hits you!
* * * LOW HITPOINT WARNING * * *
You block the Ice Fiend's attack. The Ice Fiend misses you.
The iron troll closely misses you.
The iron troll claws you but does no damage. x2
You block the Ice Fiend's attack. The Ice Fiend claws you!
You die...

,,**,,,,*,,,,,#T......##..#..#...
,,**,,,,**#####.......*#..#$$#...
,,**,,,,,,...........###..####...
,**,,,,,,,...........##..........
***,,****,...........##..........
**,,,*,,+,..........###..........
*,,,,*,,*,.....DDD4.##.[.........
+,,,,****,,,,,,##T####.))........
*,,,,,,,,,,,,,,#8..##............
,,,,,,,,,.....211..#.[......####.
,,,,,,,,,......#...#........+,,*,
,,,,,,,,,......#...'........#,,*,
,,,,,,,,,....#*#...#........#***,
*********...#**#####..........,,,
,,,,,,,,*.##**,,,,,...........,,,
,,,,,,,,*****,,,,,............,,,
,,,,,,,,***,,,,,,,,....#####,,,,*


You could see 2 Ice Fiends, a quicksilver dragon, an iron troll, a reaper and an
ice devil.

Vanquished Creatures
  Antaeus (Coc:7)
  Asmodeus (Geh:7)
  the Royal Jelly (Slime:5)
  the Serpent of Hell (Coc:7)
  An ancient lich (Tar:7)
  A juggernaut (Depths:3)
  14 shard shrikes
  Xtahua (Vaults:3)
  Geryon (Hell)
  3 golden dragons
  The ghost of Thaneod the Ruinous, a veteran DEWz of Vehumet (Depths:4)
  Jory (Depths:5)
  Arachne (Spider:3)
  3 bone dragons
  Jorgrun (Depths:5)
  3 liches
  12 Brimstone Fiends
  11 Tzitzimimeh
  3 iron giants
  25 Ice Fiends
  6 Hell Sentinels
  The ghost of Dargar the Hoplite, an adept GrFi of the Shining One (Vaults:5)
  Asterion (Vaults:1)
  3 tentacled monstrosities (Vaults:5)
  7 titans (Vaults:5)
  13 acid blobs
  5 quicksilver dragons
  A deep elf master archer (Elf:3)
  2 eldritch tentacles
  Murray (Depths:4)
  2 deep elf blademasters (Elf:3)
  5 ancient champions
  3 sphinxes
  A tentacled starspawn (Abyss:1)
  A revenant (Hell)
  4 shadow dragons
  4 storm dragons
  Ilsuiw (Shoals:4)
  8 tengu reavers (Vaults:5)
  8 fire giants
  9 azure jellies
  3 deep elf sorcerers
  A ghost moth (shapeshifter) (D:14)
  A ghost moth (Spider:4)
  An emperor scorpion (Spider:4)
  8 balrugs (Geh:7)
  6 iron dragons
  11 frost giants
  4 elemental wellsprings (Coc:7)
  6 ironheart preservers
  10 vault wardens (Vaults:5)
  A spriggan defender (Depths:3)
  41 reapers
  6 deep elf elementalists
  13 war gargoyles
  14 stone giants
  3 vampire knights
  24 very ugly things
  5 entropy weavers
  8 deep elf demonologists
  6 deep elf annihilators (Elf:3)
  A minotaur (shapeshifter) (Depths:4)
  A dire elephant (shapeshifter) (Vaults:5)
  A lorocyproca (Dis:4)
  8 spark wasps
  8 blizzard demons
  2 green deaths
  7 deep elf death magi
  4 deep elf high priests (Elf:3)
  6 merfolk impalers
  Snorg (D:10)
  4 death oozes
  11 fire dragons
  5 merfolk javelineers
  3 yaktaur captains
  3 kraken zombies
  5 quicksilver dragon zombies
  Harold (Orc:1)
  20 ice dragons
  10 ettins
  5 ogre magi
  11 great orbs of eyes
  3 hydras
  A hell beast (Depths:4)
  2 ghost crabs (Lair:3)
  A rakshasa (Depths:3)
  24 vault guards
  4 quicksilver dragon skeletons
  A spriggan air mage (Depths:3)
  5 catoblepae
  3 centaur warriors
  An anaconda (shapeshifter) (Vaults:5)
  A caustic shrike simulacrum (Depths:2)
  3 merfolk avatars (Shoals:4)
  5 deep troll shamans
  3 death knights
  12 dancing weapons
  Erica (Lair:2)
  2 satyrs (Shoals:3)
  17 two-headed ogres
  16 hell hogs
  An alligator snapping turtle (Shoals:4)
  6 deep troll earth magi
  3 merfolk aquamancers (Shoals:4)
  2 spriggan berserkers (Depths:3)
  4 tengu warriors
  6 titan zombies
  11 sun demons
  3 vampire magi (Tar:7)
  18 hell knights
  7 orc high priests
  7 titan skeletons
  6 death yaks (Lair:6)
  7 storm dragon zombies
  5 fire crabs (Lair:3)
  9 soul eaters
  Nergalle (D:10)
  3 iron trolls
  7 deep elf knights
  A wretched star (Abyss:1)
  2 death drakes
  A shadow wraith (Vaults:4)
  6 sea snakes
  100 skeletal warriors
  4 storm dragon skeletons
  11 anaconda zombies
  A sixfirhy (Depths:4)
  3 golden dragon zombies
  2 torturous demonspawn (Orc:2)
  19 deep trolls
  7 flayed ghosts
  5 shadow dragon zombies
  7 glowing orange brains
  4 iron dragon zombies
  6 deep elf archers
  10 ironbrand convokers
  10 orc knights
  5 wizards
  A shadow demon (Tar:3)
  9 harpies
  9 necromancers
  8 orb spiders
  6 shadow dragon skeletons
  6 wolf spider zombies
  4 golden dragon skeletons
  5 anaconda skeletons
  7 phantasmal warriors
  45 deep elf magi
  17 wolf spiders
  30 ugly things
  7 fauns (Shoals:3)
  11 frost giant zombies
  6 orc sorcerers
  9 cyclopes
  11 manticores
  A cyclops (shapeshifter) (Depths:4)
  9 fire giant zombies
  8 stone giant zombies
  3 shining eyes (Slime:1)
  A moth of wrath (Spider:3)
  4 iron dragon skeletons
  A worldbinder (Abyss:1)
  An elephant (shapeshifter) (Elf:2)
  A human skeleton (Vaults:5)
  3 spriggan zombies
  An apocalypse crab (Lair:3)
  Maurice (D:10)
  12 merfolk sirens
  19 rust devils
  6 elephants
  5 stone giant skeletons
  An orange demon (Depths:4)
  5 frost giant skeletons
  3 water nymphs
  6 black mambas
  5 vault sentinels
  8 dire elephant zombies
  18 eyes of devastation
  9 smoke demons
  A naga mage (D:15)
  11 molten gargoyles
  2 dire elephant skeletons
  9 fire giant skeletons
  8 spiny frogs
  2 gargoyles
  2 ice statues (Hell)
  7 demonic crawlers
  A kobold demonologist (D:15)
  5 komodo dragons
  A catoblepas zombie (Dis:7)
  A yaktaur (shapeshifter) (Elf:2)
  25 tormentors
  28 freezing wraiths
  26 hellions
  An emperor scorpion zombie (Tar:1)
  2 tengu conjurers
  2 anaconda simulacra
  2 efreet
  2 yaktaur skeletons (Vaults:5)
  14 yaktaurs
  3 silent spectres
  31 ice devils
  15 red devils
  2 meliai (shapeshifter)
  3 harpy zombies
  A queen bee (shapeshifter) (Depths:5)
  3 trolls
  14 hydra zombies
  A polar bear (shapeshifter) (Elf:3)
  10 hydra skeletons
  22 merfolk
  A sphinx simulacrum (Depths:2)
  21 jumping spiders
  A wind drake (Shoals:3)
  13 hornets
  4 ice dragon zombies
  An ettin zombie (Vaults:5)
  8 harpy skeletons
  2 shadow dragon simulacra
  19 blink frogs
  9 alligator zombies
  A hippogriff (shapeshifter) (D:15)
  99 slime creatures
  4 fire dragon zombies
  11 hippogriffs
  A fire giant simulacrum (Coc:2)
  2 stone giant simulacra
  4 dream sheep (Shoals:4)
  3 snapping turtles (Shoals:4)
  3 fire dragon skeletons
  3 black mamba zombies
  2 ettin skeletons
  26 shadows
  48 redbacks
  2 spriggans (Depths:3)
  A ynoxinul (Depths:4)
  87 flying skulls
  28 wraiths
  18 water elementals
  12 fire elementals
  A vampire (D:14)
  2 air elementals (Elf:3)
  3 wyverns
  22 yaks
  24 tarantellas
  7 ice dragon skeletons
  18 humans (D:13)
  A yak (shapeshifter) (Vaults:5)
  7 hungry ghosts
  A large abomination (Abyss:1)
  2 basilisks
  3 hogs (D:14)
  A black mamba skeleton (Dis:4)
  11 golden eyes
  A catoblepas simulacrum (Coc:7)
  A human simulacrum (Vaults:1)
  A neqoxec (Depths:4)
  9 vampire mosquitoes
  An acid dragon (shapeshifter) (Depths:5)
  2 wargs
  8 spiny frog zombies
  3 hydra simulacra
  39 hell hounds
  4 porcupines
  11 water moccasins
  2 acid dragons
  42 orc warriors
  2 deep troll skeletons (Vaults:5)
  3 snapping turtle zombies
  2 spiny frog skeletons
  2 fire dragon simulacra
  6 eyes of draining
  A sky beast (D:15)
  18 necrophages
  15 ogres
  2 swamp dragon zombies
  2 alligator simulacra
  An ice dragon simulacrum (Coc:1)
  12 ice beasts
  4 boggarts
  2 manticore zombies
  14 wolves
  10 centaurs
  9 phantoms
  3 swamp dragon skeletons
  2 snapping turtle skeletons
  2 manticore skeletons
  12 crocodiles
  2 small abominations (Abyss:1)
  A big kobold (D:10)
  13 bullfrogs
  An elf skeleton (Tar:7)
  2 earth elementals
  2 wyvern skeletons
  A water moccasin zombie (D:9)
  2 scorpions (D:11)
  3 troll zombies (D:10)
  19 killer bees
  A troll skeleton (Tar:3)
  57 wights
  2 electric eels (Spider:4)
  3 howler monkeys (D:9)
  13 crimson imps
  4 centaur zombies
  A bullfrog zombie (D:12)
  3 hounds
  2 human zombies
  17 jellies
  25 orc wizards
  30 orc priests
  2 bullfrog skeletons
  10 iron imps
  7 centaur skeletons
  2 iguanas
  13 worker ants
  A killer bee zombie (D:10)
  6 ogre zombies
  3 tengu zombies
  A naga zombie (Dis:2)
  A tengu skeleton (Coc:3)
  2 hound zombies (D:7)
  A hound skeleton (D:6)
  A worker ant zombie (D:11)
  7 mummies
  6 adders
  A howler monkey skeleton (D:4)
  11 shadow imps
  24 white imps
  3 oozes (Lair:5)
  An adder zombie (D:8)
  60 orcs
  3 giant cockroaches
  2 goblins
  A hobgoblin (D:3)
  3 jackals (D:7)
  7 kobolds
  3 quokkas
  A goblin skeleton (D:10)
  4 goblin zombies (D:10)
  4 hobgoblin zombies (D:10)
  A jackal zombie (D:6)
  A kobold skeleton (Tar:5)
  A kobold zombie (Coc:3)
  A leopard gecko skeleton (D:8)
  6 orc skeletons
  11 orc zombies (D:10)
  A quokka skeleton (D:6)
  A rat (D:2)
  6 tentacles
2664 creatures vanquished.

Vanquished Creatures (collateral kills)
  Ereshkigal (Tar:7)
  A bone dragon (Tar:7)
  Kirke (D:14)
  An azure jelly (Slime:5)
  3 deep elf sorcerers (Elf:3)
  A death ooze (Slime:5)
  A great orb of eyes (Slime:4)
  2 merfolk avatars
  2 orc high priests (Orc:2)
  A deep elf knight (Elf:2)
  A soul eater (Orc:2)
  3 skeletal warriors (Tar:7)
  A sea snake (Shoals:4)
  An infernal demonspawn (Orc:2)
  An orb spider (Spider:3)
  A deep elf archer (Elf:1)
  5 deep elf magi
  An orc sorcerer (Orc:2)
  A faun (Shoals:3)
  4 shining eyes
  2 wolf spiders (Spider:4)
  A cyclops (D:14)
  A moth of wrath (Spider:4)
  3 merfolk sirens (Shoals:4)
  An orange demon (Orc:2)
  A freezing wraith (D:14)
  2 ice devils (Orc:2)
  A troll (D:10)
  A queen bee (D:8)
  A merfolk (Shoals:1)
  2 jumping spiders (Spider:3)
  A wind drake (Shoals:4)
  A dream sheep (Shoals:4)
  5 slime creatures
  An air elemental (Elf:1)
  A centaur simulacrum (D:14)
  A tarantella (Spider:1)
  A wyvern (D:14)
  A shadow (D:12)
  2 yaks (Lair:6)
  A golden eye (Slime:4)
  A chaos spawn (Orc:2)
  A black bear (D:10)
  4 orc warriors
  An ogre (Orc:2)
  A centaur (Shoals:3)
  A crocodile (Lair:4)
  2 bullfrogs (D:14)
  5 orc priests
  2 orc wizards (Orc:2)
  8 orcs
90 creatures vanquished.

Vanquished Creatures (others)
  A reaper (Coc:6)
  A merfolk javelineer (Shoals:4)
  A blizzard demon (Hell)
  A fire dragon (Depths:2)
  A merfolk aquamancer (Shoals:4)
  A deep elf knight (Elf:1)
  2 sea snakes (Shoals:4)
  A deep elf archer (Elf:2)
  A manticore (Shoals:4)
  A shadow dragon skeleton (Geh:1)
  A water nymph (Shoals:4)
  2 merfolk (Shoals:4)
  A jumping spider (Spider:4)
  6 flying skulls
  A human (D:14)
  A golden eye (Slime:3)
  An orc wizard (D:13)
  3 orcs
  A fire vortex (Depths:4)
  4 fungi (Lair:6)
  15 plants
  4 starspawn tentacles (Abyss:1)
  14 tentacles
65 creatures vanquished.

Grand Total: 2819 creatures vanquished

Notes
Turn   | Place    | Note
-------+----------+-------------------------------------------
     0 | D:1      | Leszczynek the Troll Skald began the quest for the Orb.
     0 | D:1      | Reached XP level 1. HP: 19/19 MP: 1/1
   167 | D:2      | Learned a level 1 spell: Apportation
   230 | D:3      | Reached skill level 3 in Unarmed Combat
   230 | D:3      | Reached XP level 2. HP: 27/27 MP: 2/2
   239 | D:3      | Learned a level 1 spell: Confusing Touch
   417 | D:4      | Reached XP level 3. HP: 28/33 MP: 3/3
   520 | D:5      | Entered Level 5 of the Dungeon
   521 | D:5      | Noticed a phantom
   550 | D:5      | Killed a phantom
   550 | D:5      | Reached skill level 5 in Unarmed Combat
   550 | D:5      | Reached XP level 4. HP: 38/41 MP: 4/4
   573 | D:5      | Noticed a phantom
   584 | D:5      | Killed a phantom
   584 | D:5      | Reached XP level 5. HP: 48/48 MP: 5/5
   636 | D:4      | Found a staircase to the Ecumenical Temple.
   641 | D:4      | Reached skill level 6 in Unarmed Combat
   649 | D:4      | Noticed a phantom
   653 | Temple   | Entered the Ecumenical Temple
   669 | Temple   | Killed a phantom
   669 | Temple   | Reached XP level 6. HP: 55/55 MP: 6/6
   679 | Temple   | Became a worshipper of Makhleb the Destroyer
   753 | D:5      | Reached skill level 7 in Unarmed Combat
   874 | D:6      | Reached XP level 7. HP: 35/62 MP: 7/7
   965 | D:6      | Reached skill level 8 in Unarmed Combat
  1076 | D:6      | Reached * piety under Makhleb
  1076 | D:6      | Reached skill level 9 in Unarmed Combat
  1122 | D:6      | Reached skill level 2 in Dodging
  1129 | D:6      | Reached skill level 2 in Fighting
  1147 | D:6      | Reached XP level 8. HP: 47/74 MP: 8/8
  1187 | D:6      | Reached skill level 3 in Fighting
  1288 | D:7      | Reached skill level 3 in Dodging
  1306 | D:7      | Reached skill level 4 in Fighting
  1384 | D:7      | Reached skill level 1 in Maces & Flails
  1463 | D:7      | Reached skill level 2 in Maces & Flails
  1471 | D:7      | fuck
  1471 | D:7      | wrong skill
  1553 | D:8      | Found a deep blue altar of Sif Muna.
  1575 | D:8      | Reached ** piety under Makhleb
  1580 | D:8      | Reached skill level 4 in Dodging
  1580 | D:8      | Reached XP level 9. HP: 63/84 MP: 9/9
  1663 | D:8      | Reached skill level 5 in Fighting
  1670 | D:8      | You pass out from exhaustion.
  1689 | D:8      | HP: 9/88 [killer bee (10)]
  1694 | D:8      | HP: 15/88 [poisoned by a killer bee]
  1783 | D:8      | Reached skill level 10 in Unarmed Combat
  1900 | D:8      | Upgraded the game from 0.22-a0-377-g846bec1 to 0.22-a0-379-ga9d99d6
  2007 | D:9      | Noticed a troll
  2014 | D:9      | Killed a troll
  2056 | D:8      | Reached skill level 6 in Fighting
  2107 | D:8      | Reached *** piety under Makhleb
  2195 | D:8      | Noticed a queen bee
  2203 | D:8      | Killed a queen bee
  2259 | D:8      | Noticed a two-headed ogre
  2269 | D:8      | Killed a two-headed ogre
  2269 | D:8      | Reached skill level 11 in Unarmed Combat
  2269 | D:8      | Reached XP level 10. HP: 54/100 MP: 10/10
  2320 | D:8      | Reached skill level 7 in Fighting
  2439 | D:10     | Entered Level 10 of the Dungeon
  2485 | D:9      | Got a scintillating wooden ring
  2487 | D:9      | Identified the ring "Teekhlu" {Ice rPois rN+ Str+7 Dex-2} (You found it on level 9 of the Dungeon)
  2607 | D:10     | Found a staircase to the Orcish Mines.
  2747 | D:10     | Reached skill level 12 in Unarmed Combat
  2756 | D:10     | Reached **** piety under Makhleb
  2844 | D:10     | Reached skill level 8 in Fighting
  2910 | D:10     | Noticed a two-headed ogre
  2955 | D:10     | Noticed Nergalle
  3032 | D:10     | Noticed an elephant
  3037 | D:10     | Found a staircase to the Lair.
  3046 | D:10     | Killed an elephant
  3092 | D:10     | Killed Nergalle
  3092 | D:10     | Reached XP level 11. HP: 81/111 MP: 11/11
  3108 | D:10     | Killed a two-headed ogre
  3131 | D:10     | Noticed Snorg
  3305 | D:11     | Reached skill level 1 in Invocations
  3350 | D:11     | Reached skill level 2 in Invocations
  3532 | D:11     | Reached skill level 3 in Invocations
  3632 | D:12     | Reached skill level 4 in Invocations
  3725 | D:12     | Reached skill level 1 in Shields
  3737 | D:12     | Reached skill level 2 in Shields
  3749 | D:12     | Reached skill level 3 in Shields
  3830 | D:12     | Reached skill level 4 in Shields
  3941 | D:12     | Reached ***** piety under Makhleb
  4091 | D:11     | Reached skill level 5 in Shields
  4272 | D:13     | HP: 9/111 [cyclops/large rock (26)]
  4285 | D:13     | Noticed a brown ugly thing
  4293 | D:13     | HP: 14/111 [/a scroll of torment (8)]
  4569 | D:13     | Reached skill level 6 in Shields
  4686 | D:13     | Reached XP level 12. HP: 70/120 MP: 14/14
  4732 | D:13     | Reached skill level 7 in Shields
  4825 | D:14     | Noticed a centaur warrior
  4825 | D:14     | Noticed a catoblepas
  4845 | D:14     | Found Voeblaonk's Antique Armour Shop.
  4857 | D:14     | i don't think this is going to be resistance shield, so i'm not buying it
  4938 | D:10     | Killed Snorg
  4938 | D:10     | Reached skill level 9 in Fighting
  4972 | Orc:1    | Entered Level 1 of the Orcish Mines
  4986 | Orc:1    | Noticed Harold
  4997 | Orc:1    | Killed Harold
  4998 | Orc:1    | Noticed Maurice
  5117 | D:10     | Killed Maurice
  5301 | Orc:1    | Found Vemmol's Jewellery Boutique.
  5318 | Orc:1    | Noticed a two-headed ogre
  5332 | Orc:1    | Killed a two-headed ogre
  5332 | Orc:1    | Reached skill level 8 in Shields
  5332 | Orc:1    | Reached skill level 13 in Unarmed Combat
  5391 | Orc:2    | Entered Level 2 of the Orcish Mines
  5439 | Orc:1    | Noticed a two-headed ogre
  5445 | Orc:1    | Killed a two-headed ogre
  5613 | Orc:2    | Noticed an orc high priest
  5637 | Orc:2    | Killed an orc high priest
  5663 | Orc:2    | Found a staircase to the Elven Halls.
  5698 | Orc:2    | Found a shimmering altar of Xom.
  5782 | Orc:2    | Reached skill level 9 in Shields
  5995 | Orc:2    | Found Plog's Magic Scroll Shoppe.
  6097 | Orc:2    | Found Yvotudos's Food Emporium.
  6126 | Orc:2    | Reached skill level 10 in Fighting
  6159 | Orc:2    | Bought a scroll of fear for 38 gold pieces
  6159 | Orc:2    | Bought a scroll of noise for 11 gold pieces
  6272 | Orc:2    | Reached XP level 13. HP: 63/131 MP: 15/15
  6577 | Orc:2    | Reached skill level 14 in Unarmed Combat
  6614 | Orc:2    | HP: 21/136 [orc high priest/divine providence (13)]
  6910 | Orc:2    | Reached skill level 11 in Fighting
  6930 | Orc:2    | Found Gynipuli's Gadget Shop.
  6930 | Orc:2    | Found Gashrez's Antique Weapon Boutique.
  6930 | Orc:2    | Found a one-way gate leading to the halls of Pandemonium.
  6934 | Orc:2    | all this time and resources wasted on evocables and weapons shops
  6936 | Orc:2    | Bought a phantom mirror for 450 gold pieces
  6936 | Orc:2    | Bought a lamp of fire for 600 gold pieces
  6966 | Orc:2    | Bought a scroll of teleportation for 33 gold pieces
  6966 | Orc:2    | Bought a scroll of fog for 22 gold pieces
  6997 | Elf:1    | Entered Level 1 of the Elven Halls
  6998 | Elf:1    | aww
  6998 | Elf:1    | now i wasted desolation
  6998 | Elf:1    | fuck
  7013 | Elf:1    | Reached skill level 5 in Dodging
  7173 | Elf:1    | Reached skill level 6 in Dodging
  7226 | Elf:1    | HP: 16/137 [short sword of electrocution (12)]
  7233 | Elf:1    | HP: 23/137 [deep elf mage/bolt of lightning (5)]
  7267 | Orc:2    | yeah i'm not 4tharra
  7267 | Orc:2    | can't do this shit
  7333 | Lair:1   | Entered Level 1 of the Lair of Beasts
  7499 | Lair:2   | Reached skill level 7 in Dodging
  7632 | Lair:2   | Noticed Erica
  7642 | Lair:2   | Killed Erica
  8366 | Lair:3   | Reached XP level 14. HP: 146/146 MP: 16/16
  8424 | Lair:3   | Found a runed door.
  8439 | Lair:3   | ok, let's try
  8633 | Lair:6   | Entered Level 6 of the Lair of Beasts
  8805 | Lair:5   | Reached skill level 15 in Unarmed Combat
  8817 | Lair:5   | Reached skill level 1 in Throwing
  9005 | Lair:5   | Reached skill level 2 in Throwing
  9130 | Lair:6   | is this worth my time
  9130 | Lair:6   | probably not
  9168 | Lair:6   | Reached skill level 12 in Fighting
  9202 | Lair:6   | Reached skill level 3 in Throwing
  9232 | Lair:6   | Reached skill level 4 in Throwing
  9642 | Lair:6   | Got a coiled ruby amulet
  9643 | Lair:6   | Identified the amulet of Ridaoly {Acrobat Fragile Str+5 Int+5} (You found it on level 6 of the Lair of Beasts)
  9644 | Lair:6   | hm@
  9746 | Lair:5   | Found a staircase to the Slime Pits.
  9785 | Lair:5   | Identified the cursed +0 robe of the Lich-sworn {Str+4} (You found it on level 5 of the Lair of Beasts)
 10074 | D:10     | 12/12/14
 10074 | D:10     | no additional regen
 10186 | Elf:1    | Reached skill level 5 in Invocations
 10573 | Elf:2    | Reached XP level 15. HP: 158/158 MP: 18/18
 10989 | Elf:3    | Entered Level 3 of the Elven Halls
 11372 | Elf:3    | Reached skill level 16 in Unarmed Combat
 11372 | Elf:3    | Reached skill level 6 in Invocations
 11425 | Elf:3    | Noticed a deep elf blademaster
 11449 | Elf:3    | Killed a deep elf blademaster
 11449 | Elf:3    | Reached skill level 13 in Fighting
 11449 | Elf:3    | Reached skill level 8 in Dodging
 11599 | Elf:3    | Got a jewelled morningstar {protect}
 11600 | Elf:3    | Identified the +5 morningstar of Nothrywon {protect, Dex+7} (You took it off a deep elf demonologist on level 3 of the Elven Halls)
 12115 | Elf:3    | Noticed a deep elf sorcerer
 12130 | Elf:3    | Killed a deep elf sorcerer
 12206 | Elf:3    | Noticed a deep elf master archer
 12279 | Elf:3    | Noticed a deep elf sorcerer
 12298 | Elf:3    | Killed a deep elf sorcerer
 12329 | Elf:3    | Noticed a deep elf sorcerer
 12346 | Elf:3    | Killed a deep elf sorcerer
 12351 | Elf:3    | Noticed a deep elf sorcerer
 12372 | Elf:3    | Killed a deep elf sorcerer
 12380 | Elf:3    | motherfucking distortion quickblade on a sorcerer
 12380 | Elf:3    | the only worse thing would be it being on a blademaster
 12380 | Elf:3    | Got an encrusted quick blade {distort}
 12393 | Elf:3    | Got a bound bone ring
 12395 | Elf:3    | Identified the ring of Gluttony {*Slow +Fly rF+ rC+} (You took it off a deep elf elementalist on level 3 of the Elven Halls)
 12485 | Elf:3    | Noticed a deep elf blademaster
 12504 | Elf:3    | Killed a deep elf blademaster
 12504 | Elf:3    | Reached skill level 7 in Invocations
 12593 | Elf:3    | Got a heavily runed steel ring
 12595 | Elf:3    | Identified the ring "Etoant" {Dex+3 SInv Stlth+} (You took it off a deep elf death mage on level 3 of the Elven Halls)
 12638 | Elf:3    | Reached XP level 16. HP: 113/170 MP: 20/20
 12667 | Elf:3    | jesus
 12669 | Elf:3    | fuck, THIRD ONE?
 12728 | Elf:3    | Got a heavily runed pewter ring
 12733 | Elf:3    | Identified the ring of Bofahiq {rCorr Int+4} (You took it off a deep elf demonologist on level 3 of the Elven Halls)
 12819 | Elf:3    | Noticed a deep elf master archer
 12834 | Elf:3    | Killed a deep elf master archer
 12921 | Elf:3    | >glowing troll leather armor
 12921 | Elf:3    | WELL WELL
 12921 | Elf:3    | can't get it off a troll, get it off a deep elf demonologist in elf:3
 12921 | Elf:3    | hurrrr
 12989 | Elf:3    | please statue
 13128 | Elf:3    | Reached skill level 17 in Unarmed Combat
 13198 | Elf:3    | Reached skill level 9 in Dodging
 13242 | Elf:1    | Learned a level 4 spell: Leda's Liquefaction
 13242 | Elf:1    | literally the only spell that's from either earth or tmut
 13295 | Elf:1    | HP: 28/171 [dire flail of protection (8)]
 13537 | Elf:1    | Noticed an Executioner
 13538 | Elf:1    | Reached skill level 14 in Fighting
 13538 | Elf:1    | Reached skill level 1 in Earth Magic
 13619 | Elf:1    | Found Yvekhaoch's Gadget Emporium.
 13636 | Elf:1    | Bought a wand of digging (13) for 646 gold pieces
 13729 | Elf:1    | Reached skill level 2 in Earth Magic
 13742 | Elf:1    | well, no statue for me
 13979 | D:14     | Reached skill level 3 in Earth Magic
 14053 | D:14     | Noticed Kirke
 14059 | D:14     | Killed Kirke
 14059 | D:14     | Reached skill level 4 in Earth Magic
 14144 | D:14     | Reached skill level 5 in Earth Magic
 14271 | D:14     | Reached skill level 6 in Earth Magic
 14423 | D:15     | Entered Level 15 of the Dungeon
 14441 | D:15     | Identified the +6 quick blade "Otwiurel" {distort, rPois MR++} (You took it off a deep elf sorcerer on level 3 of the Elven Halls)
 14895 | Lair:3   | Reached skill level 7 in Earth Magic
 15110 | Lair:3   | oh god what
 15113 | Lair:3   | Paralysed by you for 6 turns
 15115 | Lair:3   | Cast into level 1 of the Abyss (an apocalypse crab)
 15121 | Abyss:1  | wait what
 15121 | Abyss:1  | ah, it simply rolled a banishment attack on chaos
 15121 | Abyss:1  | nice
 15137 | Abyss:1  | but there were two fucking books there, i need to check them
 15137 | Abyss:1  | if i get out of here alive ofc
 15214 | Abyss:1  | Noticed a tentacled starspawn
 15235 | Abyss:1  | Killed a tentacled starspawn
 15235 | Abyss:1  | Reached skill level 8 in Earth Magic
 15324 | Abyss:1  | Noticed a lich
 15354 | Lair:3   | Escaped the Abyss
 15365 | Lair:3   | YES
 15365 | Lair:3   | it was worth it!
 15372 | Lair:3   | Learned a level 6 spell: Statue Form
 15385 | Lair:3   | 75% with two wizardries
 15453 | Lair:3   | Found a hole to the Spider Nest.
 15499 | Spider:1 | Entered Level 1 of the Spider Nest
 15606 | Spider:1 | Reached skill level 1 in Transmutations
 15629 | Spider:1 | HA HA SUCCUMB TO MY FOUR POINTS SPENT IN THROWING
 15849 | Spider:3 | Reached skill level 2 in Transmutations
 15857 | Spider:3 | Noticed Arachne
 15859 | Spider:3 | Reached XP level 17. HP: 180/180 MP: 14/21
 15863 | Spider:3 | Killed Arachne
 15863 | Spider:3 | Reached skill level 2 in Spellcasting
 15939 | Spider:4 | Entered Level 4 of the Spider Nest
 16013 | Spider:4 | Upgraded the game from 0.22-a0-379-ga9d99d6 to 0.22-a0-388-g09e6169
 16059 | Spider:4 | Reached skill level 3 in Transmutations
 16124 | Spider:4 | Reached skill level 9 in Earth Magic
 16364 | Spider:3 | Reached skill level 4 in Transmutations
 16684 | Spider:4 | Reached skill level 3 in Spellcasting
 16789 | Spider:4 | Reached skill level 5 in Transmutations
 17006 | Spider:4 | Got a gossamer rune of Zot
 17219 | Lair:4   | Found a staircase to the Shoals.
 17226 | Shoals:1 | Entered Level 1 of the Shoals
 17437 | Shoals:3 | Reached skill level 6 in Transmutations
 17591 | Shoals:4 | Entered Level 4 of the Shoals
 17592 | Shoals:4 | >bazaar in shoals 4
 17592 | Shoals:4 | fuck my luck
 17772 | Shoals:3 | fuck, i won't make it in time, will i
 17804 | Shoals:3 | Reached skill level 10 in Earth Magic
 17825 | Shoals:3 | Reached skill level 4 in Spellcasting
 17933 | Shoals:4 | please
 18055 | Shoals:4 | Found a flickering gateway to a bazaar.
 18073 | Bazaar   | Entered a bazaar
 18073 | Bazaar   | Found Wuuxt's Gadget Shoppe.
 18073 | Bazaar   | Found Amotudis's Magic Scroll Emporium.
 18074 | Bazaar   | okay
 18075 | Bazaar   | Found Omaet's Magic Scroll Emporium.
 18090 | Bazaar   | Found Ybrygi's General Store.
 18098 | Bazaar   | Bought a scroll of magic mapping for 21 gold pieces
 18098 | Bazaar   | Bought a scroll of magic mapping for 21 gold pieces
 18108 | Bazaar   | Bought a scroll of amnesia for 31 gold pieces
 18108 | Bazaar   | Bought a scroll of blinking for 67 gold pieces
 18108 | Bazaar   | Bought a scroll of teleportation for 27 gold pieces
 18108 | Bazaar   | Bought a scroll of teleportation for 27 gold pieces
 18113 | Bazaar   | Bought a scroll of magic mapping for 31 gold pieces
 18113 | Bazaar   | Bought a scroll of enchant armour for 67 gold pieces
 18113 | Bazaar   | Bought a scroll of identify for 18 gold pieces
 18113 | Bazaar   | Bought a scroll of identify for 18 gold pieces
 18113 | Bazaar   | Bought a scroll of enchant armour for 67 gold pieces
 18113 | Bazaar   | it's shit
 18222 | Shoals:4 | HP: 44/234 [harpy (7)]
 18226 | Shoals:4 | Reached skill level 7 in Transmutations
 18228 | Shoals:4 | ???
 18229 | Shoals:4 | Reached XP level 18. HP: 137/189 MP: 18/23
 18470 | Shoals:4 | HP: 30/189 [merfolk impaler/trident of freezing (24)]
 18471 | Shoals:4 | HP: 9/189 [merfolk impaler/trident of freezing (16)]
 18476 | Shoals:4 | HP: 35/245 [water elemental (4)]
 18735 | Shoals:4 | oh boyyyyyyyyyyy
 18775 | Shoals:4 | Reached skill level 8 in Transmutations
 18871 | Shoals:4 | Noticed Ilsuiw
 18889 | Shoals:4 | Killed Ilsuiw
 18947 | Shoals:4 | Got a barnacled rune of Zot
 18952 | Shoals:4 | at least it's lower than 20k
 19091 | Slime:1  | Entered Level 1 of the Pits of Slime
 19106 | Slime:1  | Gained mutation: You possess an exceptional clarity of mind. [a shining eye]
 19111 | Lair:5   | Reached skill level 5 in Spellcasting
 19134 | Slime:1  | rly
 19236 | Lair:5   | Reached ****** piety under Makhleb
 19296 | Slime:1  | Gained mutation: You are dopey. (Int -2) [a shining eye]
 19298 | Slime:1  | Reached skill level 11 in Earth Magic
 19383 | Slime:1  | Reached skill level 9 in Transmutations
 19446 | Slime:2  | yikes, yellow eyes
 19642 | Slime:4  | ok, that was the easy part
 19643 | Slime:5  | Entered Level 5 of the Pits of Slime
 19646 | Slime:5  | Gained mutation: Scrolls take you a little longer to read. [a shining eye]
 19654 | Slime:5  | i didn't see i have clarity
 19654 | Slime:5  | wew
 19703 | Slime:5  | Reached XP level 19. HP: 197/197 MP: 20/26
 19718 | Slime:5  | Gained mutation: Your body sometimes deteriorates upon taking damage. [a shining eye]
 19762 | Slime:5  | Noticed the Royal Jelly
 19762 | Slime:5  | pfff
 19764 | Slime:4  | time for some cat and mouse then
 19833 | Slime:4  | fucking disconnected levels
 19920 | Slime:4  | Reached skill level 6 in Spellcasting
 19920 | Slime:4  | Reached skill level 10 in Transmutations
 19983 | Slime:5  | Reached skill level 12 in Earth Magic
 19985 | Slime:5  | Gained mutation: Scrolls take you longer to read. [a shining eye]
 19988 | Slime:5  | Gained mutation: You are frail. (-10% HP) [a shining eye]
 20036 | Slime:5  | Found a viscous altar of Jiyva.
 20055 | Slime:5  | Killed the Royal Jelly
 20057 | Slime:5  | HP: 44/230 [azure jelly[the Royal Jelly] (21)]
 20058 | Slime:5  | HP: 7/230 [azure jelly (16)]
 20061 | Slime:5  | ..dfsdfsdfsdfsdf
 20082 | Slime:5  | HP: 39/230 [azure jelly[the Royal Jelly] (11)]
 20083 | Slime:5  | HP: 11/230 [azure jelly[the Royal Jelly] (9)]
 20103 | Slime:4  | W E W
 20225 | Slime:4  | "rcorr"
 20331 | Slime:5  | Got a smoking brass ring
 20334 | Slime:5  | Identified the ring "Siez" {Fire -Tele *Corrode Int+8 Stlth+} (You found it on level 5 of the Pits of Slime)
 20334 | Slime:5  | hm
 20337 | Slime:5  | Got a crude tin ring
 20340 | Slime:5  | Identified the ring "Pup Gawe" {rC+ EV+2} (You found it on level 5 of the Pits of Slime)
 20372 | Slime:5  | Identified the +1 robe "Raxogaestu" {-Tele rN++} (You found it on level 5 of the Pits of Slime)
 20376 | Slime:5  | Identified the ring of Surprise {rPois MR+ Str+5 Dex+7} (You found it on level 5 of the Pits of Slime)
 20376 | Slime:5  | oh
 20385 | Slime:5  | Identified the ring "Faoluhuz" {rC+ Dex+3 Slay+2} (You found it on level 5 of the Pits of Slime)
 20421 | Slime:5  | Learned a level 1 spell: Summon Butterflies
 20430 | Slime:5  | Got a slimy rune of Zot
 20521 | Lair:5   | ok, i definitely don't want blurry 2
 20521 | Lair:5   | Lost mutation: Your body sometimes deteriorates upon taking damage. [potion of mutation]
 20521 | Lair:5   | Lost mutation: You are frail. (-10% HP) [potion of mutation]
 20521 | Lair:5   | Lost mutation: You are dopey. (Int -2) [potion of mutation]
 20521 | Lair:5   | Gained mutation: You occasionally shout uncontrollably at your foes. [potion of mutation]
 20521 | Lair:5   | Gained mutation: You are weak. (Str -2) [potion of mutation]
 20521 | Lair:5   | Gained mutation: You are partially covered in thin metallic scales. (AC +2) [potion of mutation]
 20522 | Lair:5   | Lost mutation: You possess an exceptional clarity of mind. [potion of mutation]
 20522 | Lair:5   | Lost mutation: You are weak. (Str -2) [potion of mutation]
 20522 | Lair:5   | Lost mutation: You are partially covered in thin metallic scales. (AC +2) [potion of mutation]
 20522 | Lair:5   | Gained mutation: You are weak. (Str -2) [potion of mutation]
 20522 | Lair:5   | Gained mutation: You are clumsy. (Dex -2) [potion of mutation]
 20522 | Lair:5   | Gained mutation: You sometimes yell uncontrollably at your foes. [potion of mutation]
 20522 | Lair:5   | Gained mutation: You have sharp toenails. [potion of mutation]
 20523 | Lair:5   | N I C E
 20523 | Lair:5   | lost clarity, blurry vision stayed
 20523 | Lair:5   | basically worse than i started with
 20523 | Lair:5   | geee these !mut changes are so good for speedruns
 20719 | D:14     | Bought a shiny shield for 277 gold pieces
 20740 | D:14     | just a normal +2 shield
 20993 | D:15     | oh
 20993 | D:15     | ohhh
 20993 | D:15     | lol
 20996 | D:15     | i just noticed what i'm attacking with
 20996 | D:15     | ha ha
 20996 | D:15     | no wonder hydra didn't grow its heads back
 21209 | D:13     | Found a gate to the Vaults.
 21234 | Vaults:1 | Entered Level 1 of the Vaults
 21287 | Vaults:1 | Noticed Asterion
 21292 | Vaults:1 | Killed Asterion
 21296 | Vaults:1 | Reached skill level 11 in Transmutations
 21296 | Vaults:1 | Reached skill level 13 in Earth Magic
 21389 | Vaults:3 | Learned a level 3 spell: Regeneration
 21478 | Vaults:3 | Identified the ring "Fudaef" {rF+ rN+} (You found it on level 3 of the Vaults)
 21503 | Vaults:3 | Noticed Xtahua
 21512 | Vaults:3 | Killed Xtahua
 21579 | Vaults:5 | Entered Level 5 of the Vaults
 21583 | Vaults:5 | Noticed Dargar's ghost (adept GrFi)
 21593 | Vaults:5 | Killed Dargar's ghost
 21601 | Vaults:5 | Reached XP level 20. HP: 206/206 MP: 29/29
 21604 | Vaults:5 | Reached skill level 7 in Spellcasting
 21605 | Vaults:5 | lel
 21616 | Vaults:5 | Noticed a golden dragon
 21644 | Vaults:5 | Killed a golden dragon
 21644 | Vaults:5 | Reached skill level 14 in Earth Magic
 21649 | Vaults:5 | Reached skill level 12 in Transmutations
 21721 | Vaults:5 | Reached skill level 18 in Unarmed Combat
 21883 | Vaults:5 | Noticed a golden dragon
 21886 | Vaults:5 | Killed a golden dragon
 21913 | Vaults:5 | Reached skill level 1 in Necromancy
 21991 | Vaults:5 | Reached XP level 21. HP: 214/214 MP: 28/30
 21993 | Vaults:5 | Reached skill level 1 in Translocations
 22005 | Vaults:5 | Reached skill level 2 in Necromancy
 22066 | Vaults:5 | Reached skill level 2 in Translocations
 22098 | Vaults:5 | Reached skill level 3 in Necromancy
 22108 | Vaults:5 | Identified the +2 robe of Impressiveness {rPois rC++ Dex+3 Slay+2} (You took it off a tengu reaver on level 5 of the Vaults)
 22156 | Vaults:5 | Reached skill level 15 in Earth Magic
 22190 | Vaults:5 | Reached skill level 3 in Translocations
 22205 | Vaults:5 | Reached skill level 4 in Necromancy
 22272 | Vaults:5 | Reached skill level 4 in Translocations
 22288 | Vaults:5 | HP: 51/278 [???[a deep elf demonologist] (14)]
 22289 | Vaults:5 | HP: 12/278 [balrug/bolt of fire[a deep elf demonologist] (22)]
 22739 | Vaults:5 | Reached skill level 5 in Necromancy
 22750 | Vaults:5 | Reached skill level 5 in Translocations
 22786 | Vaults:5 | Got a silver rune of Zot
 23163 | Vaults:2 | Found a staircase to the Crypt.
 23415 | D:15     | Found a staircase to the Depths.
 23430 | Depths:1 | Entered Level 1 of the Depths
 23649 | Depths:2 | hm
 23661 | Depths:2 | Reached skill level 19 in Unarmed Combat
 23712 | Depths:1 | Found Rygoav's Assorted Antiques.
 23724 | Depths:1 | Found Lowogh's Antique Weapon Boutique.
 23731 | Depths:1 | Bought a scroll of fog for 74 gold pieces
 23817 | Depths:2 | Reached skill level 6 in Translocations
 23924 | Depths:2 | Reached XP level 22. HP: 224/224 MP: 24/31
 24370 | Depths:3 | Reached skill level 6 in Necromancy
 24391 | Depths:3 | Noticed a juggernaut
 24401 | Depths:3 | Killed a juggernaut
 24406 | Depths:3 | Reached skill level 10 in Shields
 24410 | Depths:3 | Reached skill level 7 in Translocations
 24790 | Depths:3 | Reached skill level 8 in Translocations
 24941 | Depths:4 | Found a gateway to Hell.
 24994 | Depths:5 | Entered Level 5 of the Depths
 25014 | Depths:5 | Noticed Jory
 25028 | Depths:5 | Killed Jory
 25028 | Depths:5 | Reached skill level 1 in Evocations
 25074 | Depths:5 | Reached skill level 15 in Fighting
 25107 | Depths:5 | Noticed Jorgrun
 25117 | Depths:5 | Killed Jorgrun
 25130 | Depths:5 | Found a flickering gateway to a bazaar.
 25158 | Bazaar   | Entered a bazaar
 25158 | Bazaar   | Found Ecoacvos's Antique Weapon Boutique.
 25160 | Bazaar   | Found Doucasu's Jewellery Boutique.
 25179 | Bazaar   | Found Souczour's Book Shop.
 25185 | Bazaar   | Found Qayru's Antique Armour Emporium.
 25187 | Bazaar   | Bought a book of Spatial Translocations for 585 gold pieces
 25190 | Bazaar   | Learned a level 2 spell: Blink
 25195 | Bazaar   | Learned a level 4 spell: Passage of Golubria
 25199 | Bazaar   | Found Owniv's Gadget Shop.
 25206 | Bazaar   | shit shop is shit
 25206 | Bazaar   | i mean bazaar
 25206 | Bazaar   | second in this game i think
 25206 | Bazaar   | at least i got transloc spells finally
 25206 | Bazaar   | Bought a sack of spiders for 180 gold pieces
 25206 | Bazaar   | Bought a wand of clouds (6) for 270 gold pieces
 25206 | Bazaar   | Bought a wand of enslavement (7) for 81 gold pieces
 25206 | Bazaar   | Bought a wand of acid (5) for 162 gold pieces
 25261 | Depths:5 | Reached skill level 2 in Evocations
 25288 | Hell     | Entered the Vestibule of Hell
 25288 | Hell     | Noticed Geryon
 25288 | Hell     | Noticed Murray
 25295 | Depths:5 | Learned a level 3 spell: Lesser Beckoning
 25555 | Depths:4 | Noticed a golden dragon
 25561 | Depths:4 | Killed a golden dragon
 25561 | Depths:4 | Reached skill level 11 in Shields
 25596 | Depths:4 | Reached XP level 23. HP: 235/235 MP: 24/32
 25605 | Depths:4 | Reached skill level 3 in Evocations
 25773 | Depths:4 | Noticed Thaneod's ghost (veteran DEWz)
 25787 | Depths:4 | Killed Thaneod's ghost
 25789 | Depths:4 | crazy bastard
 25789 | Depths:4 | firestorming himself
 25901 | Depths:5 | Reached skill level 20 in Unarmed Combat
 25903 | Depths:5 | Reached skill level 4 in Evocations
 25936 | Depths:4 | Killed Murray
 26019 | Hell     | Killed Geryon
 26086 | Hell     | Found a gateway to the ashen valley of Gehenna.
 26099 | Geh:1    | Entered Level 1 of Gehenna
 26171 | Geh:1    | Reached skill level 5 in Evocations
 26258 | Geh:2    | Reached skill level 12 in Shields
 26428 | Geh:5    | Reached skill level 6 in Evocations
 26573 | Geh:7    | Entered Level 7 of Gehenna
 26604 | Geh:7    | HP: 55/305 [???[the effects of Hell] (13)]
 26689 | Geh:7    | Reached skill level 7 in Evocations
 26838 | Geh:7    | Reached skill level 13 in Shields
 26946 | Geh:7    | Gained mutation: You are very clumsy. (Dex -4) [mutagenic glow]
 26976 | Geh:7    | Reached skill level 8 in Evocations
 26991 | Geh:7    | Gained mutation: Armour fits poorly on your strangely shaped body. [mutagenic glow]
 27079 | Geh:7    | Noticed Asmodeus
 27093 | Geh:7    | Killed Asmodeus
 27093 | Geh:7    | Reached XP level 24. HP: 212/244 MP: 27/32
 27103 | Geh:7    | Got an obsidian rune of Zot
 27180 | Geh:7    | Reached skill level 14 in Shields
 27455 | Hell     | Found a gateway to the freezing wastes of Cocytus.
 27469 | Coc:1    | Entered Level 1 of Cocytus
 27660 | Coc:1    | Reached skill level 15 in Shields
 28032 | Coc:3    | Noticed a shard shrike
 28036 | Coc:3    | Killed a shard shrike
 28294 | Coc:3    | Reached skill level 8 in Invocations
 28425 | Coc:3    | stairs? what stairs?
 28425 | Coc:3    | do these even exist around here?
 28463 | Coc:3    | Gained mutation: You have an increased reservoir of magic. (+10% MP) [mutagenic glow]
 28535 | Coc:3    | Reached XP level 25. HP: 254/254 MP: 23/35
 28571 | Coc:4    | Noticed a shard shrike
 28572 | Coc:4    | Noticed a shard shrike
 28573 | Coc:4    | Noticed a shard shrike
 28576 | Coc:4    | Killed a shard shrike
 28582 | Coc:4    | Killed a shard shrike
 28604 | Coc:4    | Noticed a shard shrike
 28604 | Coc:4    | Noticed a shard shrike
 28614 | Hell     | nope
 28614 | Hell     | okay, another attempt another day
 28614 | Hell     | >kill shard shrike pack
 28616 | Coc:1    | >LOL HERE'S ANOTHER
 28616 | Coc:1    | >AND A TORMENTOR XDDDD
 28680 | Coc:2    | Upgraded the game from 0.22-a0-388-g09e6169 to 0.22-a0-389-g8519d86
 28755 | Coc:3    | Noticed a shard shrike
 28755 | Coc:3    | Noticed a shard shrike
 28755 | Coc:3    | what, yet another ones?
 28765 | Coc:3    | Killed a shard shrike
 28770 | Coc:3    | Killed a shard shrike
 28770 | Coc:3    | Reached skill level 16 in Fighting
 28770 | Coc:3    | Reached skill level 10 in Dodging
 28800 | Coc:3    | Noticed a shard shrike
 28811 | Coc:3    | Killed a shard shrike
 28848 | Coc:4    | Killed a shard shrike
 28849 | Coc:4    | Killed a shard shrike
 28849 | Coc:4    | Reached skill level 21 in Unarmed Combat
 28850 | Coc:4    | Killed a shard shrike
 28907 | Coc:5    | at least this one's fast
 28978 | Coc:7    | Entered Level 7 of Cocytus
 28979 | Coc:7    | oh boy
 28979 | Coc:7    | it always has to be this one
 28979 | Coc:7    | doesn't it
 28979 | Coc:7    | i'm not gonna do it in one go
 28979 | Coc:7    | probably
 29009 | Coc:7    | Noticed the Serpent of Hell
 29017 | Coc:7    | Killed the Serpent of Hell
 29017 | Coc:7    | Reached skill level 9 in Invocations
 29021 | Coc:7    | HP: 60/332 [blizzard demon/bolt of cold (9)]
 29027 | Hell     | HP: 36/334 [blizzard demon (5)]
 29053 | Hell     | at least serpent's down
 29056 | Hell     | also >19%
 29056 | Hell     | don't you mean 50?
 29154 | Coc:1    | Noticed a shard shrike
 29161 | Coc:1    | Killed a shard shrike
 29207 | Coc:2    | Noticed a shard shrike
 29209 | Coc:2    | Killed a shard shrike
 29239 | Coc:3    | this fucking level
 29357 | Coc:6    | how the fuck did i get drained two levels anyway
 29363 | Coc:6    | Gained mutation: You are very weak. (Str -4) [mutagenic glow]
 29601 | Coc:7    | F O O D
 29676 | Coc:7    | Noticed a shard shrike
 29683 | Coc:7    | Killed a shard shrike
 29683 | Coc:7    | Reached skill level 1 in Summonings
 29727 | Coc:7    | Reached XP level 26. HP: 269/269 MP: 29/35
 29754 | Coc:7    | Reached skill level 17 in Fighting
 29779 | Coc:7    | Reached skill level 2 in Summonings
 29779 | Coc:7    | Reached skill level 10 in Invocations
 29810 | Coc:7    | Reached skill level 11 in Dodging
 29861 | Coc:7    | Identified the Papyrus of Ethics
 29871 | Coc:7    | Learned a level 5 spell: Lee's Rapid Deconstruction
 29989 | Coc:7    | yikes
 29991 | Coc:7    | Noticed Antaeus
 30002 | Coc:7    | Killed Antaeus
 30002 | Coc:7    | Reached skill level 22 in Unarmed Combat
 30021 | Coc:7    | Got an icy rune of Zot
 30023 | Coc:7    | this one sure took a while
 30083 | Hell     | Found a gateway to the decaying netherworld of Tartarus.
 30091 | Hell     | time to step into the land of no food
 30091 | Hell     | ;_;
 30094 | Tar:1    | Entered Level 1 of Tartarus
 30167 | Tar:3    | Reached skill level 3 in Summonings
 30584 | Tar:5    | Reached skill level 7 in Necromancy
 30712 | Tar:5    | nice
 30778 | Tar:7    | Entered Level 7 of Tartarus
 30800 | Tar:7    | Noticed an ancient lich
 30808 | Tar:7    | Killed an ancient lich
 30827 | Tar:7    | oh of course it will hit me twice through 17 ev and 23 sh
 30908 | Tar:7    | Reached skill level 11 in Invocations
 30953 | Tar:7    | Reached skill level 8 in Necromancy
 31054 | Tar:7    | Reached skill level 18 in Fighting
 31054 | Tar:7    | Reached XP level 27. HP: 282/282 MP: 30/35
 31098 | Tar:7    | should be three inside, so that's all of them? hopefully
 31105 | Tar:7    | Noticed Ereshkigal
 31116 | Tar:7    | Killed Ereshkigal
 31119 | Tar:7    | Reached skill level 9 in Evocations
 31120 | Tar:7    | Reached skill level 12 in Dodging
 31144 | Tar:7    | Got a bone rune of Zot
 31275 | Hell     | Found a gateway to the Iron City of Dis.
 31279 | Hell     | Reached skill level 9 in Necromancy
 31285 | Dis:1    | Entered Level 1 of the Iron City of Dis
 31475 | Dis:2    | Gained mutation: You frequently scream uncontrollably at your foes. [mutagenic glow]
 31478 | Dis:2    | who needs stealth anyway
 31638 | Dis:3    | Reached skill level 10 in Necromancy
 32077 | Dis:4    | Reached skill level 11 in Necromancy
 32081 | Dis:4    | Reached skill level 10 in Evocations
 32151 | Dis:4    | i fucking hate this shit
 32151 | Dis:4    | STAAAIIRSRSRSRSRS
 32367 | Dis:6    | aaaaaaaaaaaaaaaaaaaaaaaaaaaaaaaaa
 32426 | Dis:7    | Entered Level 7 of the Iron City of Dis
 32492 | Dis:7    | ????????
 32492 | Dis:7    | berserk is a hell effect?
 32492 | Dis:7    | wut
 32523 | Dis:7    | Reached skill level 12 in Necromancy
 32631 | Dis:7    | at least this level has food
 32642 | Dis:7    | Reached skill level 11 in Evocations
 32662 | Dis:7    | Reached skill level 13 in Necromancy
 32720 | Dis:7    | yikes
 32733 | Dis:7    | HP: 60/366 [Ice Fiend (41)]
 32735 | Dis:7    | HP: 4/366 [Ice Fiend/bolt of cold (54)]
 32735 | Dis:7    | Slain by an Ice Fiend

Vault maps used:
D:1:      lightli_arrival_statuegarden, skrybe_limestone_x
D:2:      okawaru_ov_weapons_minmay, first_ration
D:4:      gammafunk_temple_overflow_wave, minmay_temple_entry_mist
D:8:      grunt_temple_overflow_cloverleaf, basic_altar, serial_shops, shop,
          david_nohive_1
D:10:     david_lair_generic, zombieorc2_lemuel, grunt_decor_arrowhead,
          grunt_tough_drop, uniq_nergalle, uniq_snorg
D:11:     minmay_misc_feat_plants, minmay_orc_keep
D:12:     serial_park_tiny_1
D:13:     grunt_vaults_entry_tiered, minivault_22
D:14:     serial_shops, shop, uniq_kirke
D:15:     grunt_enter_depths_magical_seal, ldierk_geyser, onia_ninara_cookie,
          uniq_agnes
Temple:   regret_index_temple_waves
Lair:1:   serial_bayou_crossing, uniq_sonja
Lair:2:   minivault_27, lemuel_fruit_tree, minmay_lair_oklob_chamber,
          infiniplex_staircase_pool, uniq_erica
Lair:3:   gammafunk_mikee_crab_dinner, spider_nest_entry_rubble,
          lemuel_fruit_fields
Lair:4:   minmay_shoals_entry_lonely_mermaid
Lair:5:   minmay_slime_entry_jelly_boxes, patterned_corridor
Lair:6:   evilmike_catoblepas_cave, st_stairs_5
Shoals:2: serial_shops, shop, uniq_frances, uniq_polyphemus
Shoals:4: shoals_end_grunt_ice, shoals_ilsuiw_ice,
          portal_ice_cave_entry_pillars_four, serial_shops, bzr_firewalk
Spider:3: nicolae_spider_mines_1, uniq_arachne
Spider:4: spider_rune_water
Orc:1:    serial_shops, shop, uniq_harold, uniq_maurice
Orc:2:    pf_orc_diabolical, basic_altar
Elf:1:    eino_elf_arrival_customs, portal_desolation_entry_nicolae_slug,
          serial_shops, shop, hangedman_elven_crosses_minicolossus
Elf:2:    lemuel_elevator, uniq_louise
Elf:3:    grunt_elf_hall_spiral
Vaults:1: v_misc_19, nicolae_vaults_statue_guard, ontoclasm_vaults_eye,
          ontoclasm_vaults_chip, ontoclasm_vaults_loading_screen,
          vaults_standard_mumra_x, v_misc_9, nicolae_vaults_stairing_the_circle,
          nicolae_vaults_little_squares_2, v_alt_pattern_6,
          vaults_room_large_hall, ontoclasm_vaults_ligature, serial_shops, shop,
          uniq_asterion
Vaults:2: nicolae_vaults_little_squares_1, vaults_room_hangedman_quadrants,
          v_alt_pattern_3, vaults_standard_mumra_enter_the_diamond, v_misc_19,
          hangedman_vaults_maws, vaults_dpeg_cross, v_misc_22,
          vaults_dpeg_diagonal, ontoclasm_vaults_hangar,
          hangedman_vaults_corner, ontoclasm_vaults_tryst,
          blue_anna_dwarven_crypt, vaults_room_pools
Vaults:3: ontoclasm_vaults_decontamination, vaults_room_fancy_cross,
          nicolae_vaults_little_squares_5,
          vaults_standard_mumra_enter_the_diamond, v_pattern_4, v_misc_16,
          special_room_vaults, nicolae_vaults_border_crossing,
          vaults_mumra_chevron, nicolae_vaults_yaktaur_gun_rack, serial_shops,
          shop, uniq_xtahua, uniq_margery
Vaults:4: hangedman_vaults_stretched_pinwheel, ontoclasm_vaults_idyll,
          ontoclasm_vaults_chip, vaults_dpeg_doors, hangedman_vaults_stagger,
          v_rooms_3, nicolae_vaults_little_squares_3,
          nicolae_vaults_diagonal_hallway_7, nicolae_vaults_network_periphery,
          vaults_room_stairs_pillars, hangedman_vaults_cutoff,
          ontoclasm_vaults_shuriken, uniq_saint_roka
Vaults:5: serial_shops
Depths:1: enter_ziggurat_d, nicolae_twisting_strands, hell_entry,
          nicolae_blasting_shop, minmay_shoptagon
Depths:2: minmay_eyes, nicolae_water_bricks, hell_entry
Depths:3: minmay_quarter_circles, grunt_hell_entry_dis_mu,
          rand_demon_pan_entry_9, serial_sigils, serial_sigils_hangedman_leer,
          serial_sigils_hangedman_shear, serial_sigils_hangedman_writhe
Depths:4: kennysheep_demon_jail, nicolae_two_hexagons, abyss_entry, hell_entry,
          pan_entry
Depths:5: evilmike_zot_entry_argh, serial_shops, bzr_entry_lakeside, pan_entry,
          nrook_uturn, pf_coc_iceberg, minmay_fountain_box, minivault_1,
          uniq_jorgrun, uniq_jory
Dis:6:    hangedman_mysterious_dungeon_monster_house
Dis:7:    dis_grunt_layers
Geh:3:    lemuel_flamethrower_3, grunt_megastairs_3
Geh:4:    lemuel_hellish_altar
Geh:5:    door_vault
Geh:7:    geh_grunt_pentagon
Coc:7:    coc_dpeg
Tar:1:    nicolae_tar_cuneiform_oil, nicolae_tar_cuneiform_to_be
Tar:2:    nicolae_tar_cuneiform_sun
Tar:5:    grunt_megastairs_2
Tar:6:    nicolae_tar_cuneiform_oil
Tar:7:    tar_old
Bazaar:   bazaar_minmay_row, bazaar_kb_twisted_cavern

Skill      XL: |  1  2  3  4  5  6  7  8  9 10 11 12 13 14 15 16 17 18 19 20 21 22 23 24 25 26 27 |
---------------+----------------------------------------------------------------------------------+-----
Unarmed Combat | 3 5 6 7 9 11 12 13 14 15 16 17 18 19 20 21 22 | 22.1
Dodging        | 2 4 7 8 9 10 11 12 | 12.0
Fighting       | 2 4 6 8 10 11 12 13 14 15 16 18 | 18.0
Maces & Flails | 2 |  2.0
Invocations    | 4 5 7 8 9 11 | 11.0
Shields        | 6 9 11 13 15 | 15.0
Throwing       | 4 |  4.0
Earth Magic    | 8 10 11 13 14 15 | 15.0
Transmutations | 2 7 9 11 12 | 12.0
Spellcasting   | 4 5 6 7 |  7.0
Necromancy     | 1 5 6 8 13 | 13.3
Translocations | 6 8 |  8.0
Evocations     | 2 8 11 | 11.2
Summonings     | 1 3 |  3.0
Charms         | |  2.0

Action                   |  1- 3 |  4- 6 |  7- 9 | 10-12 | 13-15 | 16-18 | 19-21 | 22-24 | 25-27 || total
-------------------------+-------+-------+-------+-------+-------+-------+-------+-------+-------++-------
Melee: Unarmed           |    41 |    66 |   325 |   811 |  1092 |  1343 |   881 |  1478 |  1343 ||  7380
       Punch             |     2 |       |     4 |    17 |       |       |       |       |       ||    23
       Kick              |       |       |       |       |       |       |   348 |   589 |   551 ||  1488
       Staff             |       |       |       |       |       |       |    28 |       |       ||    28
Throw: Tomahawk          |       |       |     3 |       |       |    85 |       |       |       ||    88
       Large rock        |       |       |       |       |       |       |     1 |    27 |       ||    28
 Cast: Confusing Touch   |     2 |     2 |     9 |       |       |       |       |       |       ||    13
       Statue Form       |       |       |       |       |       |    18 |    58 |    81 |    76 ||   233
       Apportation       |       |       |       |       |       |     1 |    21 |    42 |    14 ||    78
       Regeneration      |       |       |       |       |       |       |     7 |    32 |    32 ||    71
       Lesser Beckoning  |       |       |       |       |       |       |       |    24 |    29 ||    53
       Passage of Golubr |       |       |       |       |       |       |       |     8 |    22 ||    30
       Blink             |       |       |       |       |       |       |       |     2 |     3 ||     5
Invok: Lesser Servant of |       |       |     2 |    20 |    52 |    36 |     6 |     2 |       ||   118
       Minor Destruction |       |       |       |     3 |    13 |       |       |       |       ||    16
       Greater Servant o |       |       |       |       |       |       |       |       |     5 ||     5
 Abil: End Transformatio |       |       |       |       |       |     1 |       |     1 |       ||     2
Evoke: Wand              |       |       |       |       |     9 |    20 |    10 |     1 |     2 ||    42
       Lamp of fire      |       |       |       |       |     1 |     3 |     4 |       |       ||     8
       Fan of gales      |       |       |       |       |     1 |       |       |       |       ||     1
       Lightning rod     |       |       |       |       |       |     1 |     4 |     1 |       ||     6
       Phantom mirror    |       |       |       |       |       |       |     2 |       |       ||     2
       Box of beasts     |       |       |       |       |       |       |       |       |     3 ||     3
       Sack of spiders   |       |       |       |       |       |       |       |       |     1 ||     1
  Use: Potion            |       |       |     6 |       |    10 |    11 |    12 |     1 |     1 ||    41
       Scroll            |       |       |     3 |    15 |    15 |    13 |    20 |     2 |     1 ||    69
 Stab: Confused          |       |       |     5 |       |       |     1 |       |       |       ||     6
       Distracted        |       |       |       |     2 |     2 |     9 |     2 |     1 |     2 ||    18
       Petrified         |       |       |       |       |       |     4 |       |       |       ||     4
  Eat: Chunk             |     7 |     7 |    12 |    47 |    59 |    73 |    69 |    67 |    43 ||   384
       Ration            |       |       |       |       |       |       |     4 |    10 |    16 ||    30
Armor: Robe              |     6 |    14 |    46 |   128 |   111 |    54 |       |       |       ||   359
       Troll leather arm |       |       |       |       |       |   111 |     3 |     5 |     1 ||   120
       Skin              |       |       |       |       |       |   374 |   559 |  1293 |   696 ||  2922
Dodge: Dodged            |    19 |    23 |   124 |   240 |   261 |   746 |   655 |  1350 |   861 ||  4279
Block: Other             |       |       |       |    28 |       |       |       |       |       ||    28
       Shield            |       |       |       |   269 |   647 |   977 |   812 |  1316 |       ||  4021
       Reflection        |       |       |       |    20 |     3 |       |       |       |       ||    23
       Large shield      |       |       |       |       |       |       |       |   799 |  1865 ||  2664

Table legend:
 A = Spawn XP
 B = Non-spawn XP
 C = Spawn XP percentage of total XP
 D = Spawn monster count
 E = Non-spawn monster count
 F = Spawn count percentage of total count
 G = Total turns spent on level
                    A         B        C        D         E        F      G
               +---------+---------+-------+---------+---------+-------+---------
         Total |    3480 | 1691395 |   0.2 |       7 |    2734 |   0.3 | 32735
               +---------+---------+-------+---------+---------+-------+---------
           D:1 |       0 |       2 |   0.0 |       0 |       1 |   0.0 |    60
           D:2 |       0 |       5 |   0.0 |       0 |       3 |   0.0 |   115
           D:3 |       0 |      17 |   0.0 |       0 |       3 |   0.0 |   190
           D:4 |       0 |      62 |   0.0 |       0 |       4 |   0.0 |   180
           D:5 |       0 |     471 |   0.0 |       0 |      13 |   0.0 |   266
           D:6 |       0 |     956 |   0.0 |       0 |      19 |   0.0 |   369
           D:7 |       0 |     859 |   0.0 |       0 |      17 |   0.0 |   324
           D:8 |       0 |    3625 |   0.0 |       0 |      52 |   0.0 |   721
           D:9 |       0 |    1668 |   0.0 |       0 |      16 |   0.0 |   271
          D:10 |       0 |    7039 |   0.0 |       0 |      72 |   0.0 |  1056
          D:11 |       0 |    2156 |   0.0 |       0 |      27 |   0.0 |   523
          D:12 |       0 |    5261 |   0.0 |       0 |      33 |   0.0 |   619
          D:13 |       0 |   11414 |   0.0 |       0 |      48 |   0.0 |   830
          D:14 |       0 |   19741 |   0.0 |       0 |      50 |   0.0 |   669
          D:15 |       0 |   18134 |   0.0 |       0 |      52 |   0.0 |   541
        Temple |       0 |     124 |   0.0 |       0 |       1 |   0.0 |    41
        Lair:1 |       0 |    1334 |   0.0 |       0 |       5 |   0.0 |   281
        Lair:2 |       0 |    2268 |   0.0 |       0 |       8 |   0.0 |   367
        Lair:3 |       0 |   14857 |   0.0 |       0 |      26 |   0.0 |   959
        Lair:4 |       0 |    4750 |   0.0 |       0 |      23 |   0.0 |   592
        Lair:5 |       0 |   19570 |   0.0 |       0 |      72 |   0.0 |   809
        Lair:6 |       0 |   15414 |   0.0 |       0 |      39 |   0.0 |   787
      Shoals:1 |       0 |    2264 |   0.0 |       0 |       6 |   0.0 |   128
      Shoals:2 |       0 |    1882 |   0.0 |       0 |       5 |   0.0 |    77
      Shoals:3 |       0 |   18698 |   0.0 |       0 |      39 |   0.0 |   699
      Shoals:4 |       0 |   38985 |   0.0 |       0 |      68 |   0.0 |   824
      Spider:1 |       0 |    4219 |   0.0 |       0 |      12 |   0.0 |   223
      Spider:2 |       0 |     524 |   0.0 |       0 |       2 |   0.0 |    52
      Spider:3 |       0 |   12648 |   0.0 |       0 |      35 |   0.0 |   476
      Spider:4 |       0 |   34325 |   0.0 |       0 |      93 |   0.0 |   860
       Slime:1 |       0 |   14681 |   0.0 |       0 |      23 |   0.0 |   123
       Slime:2 |       0 |   13058 |   0.0 |       0 |      22 |   0.0 |   132
       Slime:3 |       0 |    5618 |   0.0 |       0 |      11 |   0.0 |    64
       Slime:4 |       0 |   10980 |   0.0 |       0 |      25 |   0.0 |   454
       Slime:5 |       0 |   35237 |   0.0 |       0 |      42 |   0.0 |   445
         Orc:1 |       0 |    4557 |   0.0 |       0 |      20 |   0.0 |   436
         Orc:2 |       0 |   19684 |   0.0 |       0 |     102 |   0.0 |  1538
         Elf:1 |       0 |   19197 |   0.0 |       0 |      32 |   0.0 |  1054
         Elf:2 |       0 |   17518 |   0.0 |       0 |      30 |   0.0 |   918
         Elf:3 |       0 |   54976 |   0.0 |       0 |      60 |   0.0 |  2053
      Vaults:1 |       0 |   12316 |   0.0 |       0 |      20 |   0.0 |   204
      Vaults:2 |       0 |    5811 |   0.0 |       0 |      13 |   0.0 |   135
      Vaults:3 |       0 |   13589 |   0.0 |       0 |      14 |   0.0 |   225
      Vaults:4 |       0 |    8428 |   0.0 |       0 |      10 |   0.0 |    92
      Vaults:5 |       0 |  201428 |   0.0 |       0 |     165 |   0.0 |  1358
      Depths:1 |       0 |   11047 |   0.0 |       0 |      12 |   0.0 |   359
      Depths:2 |       0 |   30769 |   0.0 |       0 |      50 |   0.0 |   513
      Depths:3 |       0 |   73658 |   0.0 |       0 |      63 |   0.0 |   603
      Depths:4 |       0 |   40639 |   0.0 |       0 |      40 |   0.0 |   458
      Depths:5 |       0 |   32499 |   0.0 |       0 |      38 |   0.0 |   517
          Hell |       0 |   25360 |   0.0 |       0 |      42 |   0.0 |   438
         Dis:1 |       0 |    7050 |   0.0 |       0 |      26 |   0.0 |   126
         Dis:2 |       0 |   11926 |   0.0 |       0 |      27 |   0.0 |   161
         Dis:3 |       0 |   13413 |   0.0 |       0 |      14 |   0.0 |    93
         Dis:4 |       0 |   53142 |   0.0 |       0 |      90 |   0.0 |   561
         Dis:5 |       0 |    1147 |   0.0 |       0 |       2 |   0.0 |    15
         Dis:6 |       0 |   15050 |   0.0 |       0 |      25 |   0.0 |   185
         Dis:7 |       0 |   72750 |   0.0 |       0 |      52 |   0.0 |   309
         Geh:1 |       0 |   13843 |   0.0 |       0 |      17 |   0.0 |   135
         Geh:2 |       0 |   10869 |   0.0 |       0 |      19 |   0.0 |    71
         Geh:4 |       0 |    7136 |   0.0 |       0 |      14 |   0.0 |    93
         Geh:5 |       0 |    3464 |   0.0 |       0 |      16 |   0.0 |   129
         Geh:6 |       0 |    2917 |   0.0 |       0 |      10 |   0.0 |    40
         Geh:7 |       0 |  107107 |   0.0 |       0 |     148 |   0.0 |   784
         Coc:1 |       0 |   44701 |   0.0 |       0 |      78 |   0.0 |   496
         Coc:2 |       0 |   32613 |   0.0 |       0 |      83 |   0.0 |   308
         Coc:3 |       0 |   70193 |   0.0 |       0 |     103 |   0.0 |   713
         Coc:4 |       0 |   30060 |   0.0 |       0 |      34 |   0.0 |   143
         Coc:5 |       0 |     723 |   0.0 |       0 |       1 |   0.0 |    18
         Coc:6 |       0 |   10858 |   0.0 |       0 |      16 |   0.0 |   102
         Coc:7 |       0 |  140316 |   0.0 |       0 |     107 |   0.0 |   721
         Tar:1 |       0 |     482 |   0.0 |       0 |       3 |   0.0 |    14
         Tar:2 |       0 |    5382 |   0.0 |       0 |      11 |   0.0 |    49
         Tar:3 |       0 |   26912 |   0.0 |       0 |      26 |   0.0 |   152
         Tar:4 |       0 |   20206 |   0.0 |       0 |      19 |   0.0 |   200
         Tar:5 |       0 |   13538 |   0.0 |       0 |      30 |   0.0 |   241
         Tar:6 |       0 |     381 |   0.0 |       0 |       1 |   0.0 |    28
         Tar:7 |       0 |   80894 |   0.0 |       0 |      84 |   0.0 |   458
       Abyss:1 |    3480 |       0 | 100.0 |       7 |       0 | 100.0 |   239
               +---------+---------+-------+---------+---------+-------+---------
